 Dungeon Crawl Stone Soup version 0.23.0-3-gf3c87f2 (webtiles) character file.

Game seed: 17491473705782018241

529 Lavandula the Ruffian (level 7, 0/62 HPs)
             Began as a Troll Wanderer on Feb 23, 2019.
             Slain by a gnoll sergeant
             ... wielding a +0 trident
              (3 damage)
             ... on level 6 of the Dungeon.
             The game lasted 00:04:31 (3629 turns).

Lavandula the Ruffian (Troll Wanderer)              Turns: 3629, Time: 00:04:32

Health: 0/62       AC:  8    Str: 21    XL:     7   Next: 3%
Magic:  0/7        EV:  5    Int:  8    God:
Gold:   373        SH:  0    Dex:  8    Spells: 3/8 levels left

rFire    . . .     SeeInvis +     - Unarmed
rCold    . . .     Gourm    +   (no shield)
rNeg     . . .     Faith    .   b - +0 robe
rPois    .         Spirit   +   (helmet restricted)
rElec    .         Reflect  .   k - +1 cloak {+Inv}
rCorr    .         Harm     .   (gloves unavailable)
MR       .....                  (boots unavailable)
Stlth    +.........             d - amulet of guardian spirit
HPRegen  0.60/turn              l - -3 ring of dexterity (curse)
MPRegen  0.10/turn              p - ring of see invisible

@: held
A: large, unfitting armour, claws 3, fast metabolism 3, gourmand, regeneration
1, shaggy fur 1, tough skin 3
a: Evoke Invisibility


You were on level 6 of the Dungeon.
You were full.

You visited 1 branch of the dungeon, and saw 6 of its levels.

You collected 373 gold pieces.

Inventory:

Armour
 b - a +0 robe (worn)
 k - a +1 cloak of invisibility (worn)
Jewellery
 d - an amulet of guardian spirit (around neck)
 e - an uncursed amulet of rage {unknown}
 l - a cursed -3 ring of dexterity (left claw)
 p - a ring of see invisible (right claw)
 w - an uncursed ring of fire
 x - an uncursed amulet of the gourmand {unknown}
Wands
 y - a wand of acid (12)
Scrolls
 c - 6 scrolls of identify {unknown}
 h - 3 scrolls of noise {unknown}
 i - a scroll of fear {unknown}
 n - a scroll of remove curse {unknown}
 o - 2 scrolls of fog {unknown}
 q - 2 scrolls of teleportation {unknown}
 r - a scroll of enchant armour {unknown}
 s - 2 scrolls of amnesia {unknown}
Potions
 a - 2 potions of agility {unknown}
 g - a potion of brilliance {unknown}
 j - 3 potions of invisibility {unknown}
 m - a potion of mutation {unknown}
 t - a potion of degeneration {unknown}
 u - a potion of cancellation {unknown}
 v - a potion of resistance {unknown}
Comestibles
 f - 12 rations


   Skills:
 - Level 1.5 Fighting
   Level 1.0 Maces & Flails
 - Level 1.5 Dodging
 - Level 1.0 Stealth
   Level 1.0 Shields
 + Level 7.3 Unarmed Combat
 - Level 1.0 Spellcasting
 - Level 1.3 Poison Magic


You had 3 spell levels left.
You knew the following spells:

 Your Spells              Type           Power        Failure   Level  Hunger
a - Blink                 Tloc           N/A          52%         2    ###....
b - Mephitic Cloud        Conj/Pois/Air  #.......     69%         3    ####...

Your spell library contained the following spells:

 Spells                   Type           Power        Failure   Level  Hunger
 Sting                    Conj/Pois      #...         30%         1    ##.....
 Magic Dart               Conj           #...         36%         1    ##.....
 Call Imp                 Summ           #.......     52%         2    ###....
 Slow                     Hex            #.......     52%         2    ###....
 Conjure Flame            Conj/Fire      #.......     75%         3    ####...


Dungeon Overview and Level Annotations

Branches:
Dungeon (6/15)
 Temple: D:4-7

Altars:
Elyvilon
Hepliaklqana
Nemelex Xobeh
Trog
Uskayaw

Shops:
D:6 *


Innate Abilities, Weirdness & Mutations

You are too large for most types of armour.
You have claws for hands.
Your metabolism is lightning-fast.
You like to eat raw meat.
Your natural rate of healing is unusually fast.
You are covered in fur. (AC +1)
You have extremely tough skin. (AC +3)


Message History

The gnoll hits you from afar with a +0 halberd!
The gnoll sergeant hits you from afar with a +0 trident.
* * * LOW HITPOINT WARNING * * *
You struggle against the net.
A wight comes into view. It is wielding a +0 short sword.
The gnoll hits you from afar with a +0 halberd.
* * * LOW HITPOINT WARNING * * *
A gnoll comes into view. It is wielding a +0 club.
The gnoll hits you from afar with a +0 halberd!
* * * LOW HITPOINT WARNING * * *
You struggle against the net.
The gnoll sergeant hits you but does no damage.
The gnoll hits you but does no damage.
The black bear bites you but does no damage.
The black bear claws you but does no damage. x2
Unknown command.
Unknown command.
You struggle against the net.
The gnoll sergeant hits you from afar with a +0 trident.
You die...

# . #.
..##.######
.......#..#
..........###
.......<....##
.......#.....#
#...#.......##
........@....#
##.....h.....#
#.....ggg#..#
∩..##..ggz..##
... #..g.z...#
#.......!#
≈..g.z...##
≈≈≈..#....#
≈w≈≈..#....#


You could see a black bear, a gnoll sergeant, 3 wights and 6 gnolls.

Vanquished Creatures
  An ogre (D:5)
  A bullfrog (D:4)
  A water moccasin skeleton (D:5)
  2 hounds (D:5)
  An orc wizard (D:4)
  Crazy Yiuf (D:3)
  An iguana (D:4)
  A worker ant (D:4)
  6 adders
  A gnoll (D:6)
  7 oozes
  An adder skeleton (D:5)
  A dart slug (D:3)
  2 leopard geckos
  6 orcs
  4 giant cockroaches
  4 goblins
  5 hobgoblins
  7 jackals
  2 quokkas
  3 ball pythons
  5 bats
  4 frilled lizards
  2 kobolds
  11 rats
80 creatures vanquished.

Notes
Turn   | Place    | Note
-------+----------+-------------------------------------------
     0 | D:1      | Lavandula the Troll Wanderer began the quest for the Orb.
     0 | D:1      | Lavandula set off with the following items: a +0 robe, a +0
                  | club, 2 rations; and the following spells available to
                  | memorise: Sting, Magic Dart, Blink, Call Imp, Slow,
                  | Mephitic Cloud, Conjure Flame
     0 | D:1      | Reached XP level 1. HP: 19/19 MP: 1/1
     2 | D:1      | Found a runed translucent door.
   330 | D:1      | Reached skill level 1 in Unarmed Combat
   584 | D:1      | Reached XP level 2. HP: 27/27 MP: 2/2
   848 | D:1      | Reached skill level 2 in Unarmed Combat
   862 | D:1      | Reached XP level 3. HP: 29/33 MP: 3/3
   869 | D:1      | Reached skill level 3 in Unarmed Combat
  1464 | D:3      | Found a hide-covered altar of Uskayaw.
  1559 | D:3      | Reached XP level 4. HP: 37/41 MP: 4/4
  1654 | D:3      | Reached skill level 4 in Unarmed Combat
  1976 | D:3      | Learned a level 2 spell: Blink
  1980 | D:3      | Learned a level 3 spell: Mephitic Cloud
  2100 | D:3      | Found a runed translucent door.
  2101 | D:3      | Noticed Crazy Yiuf
  2257 | D:3      | Killed Crazy Yiuf
  2257 | D:3      | Reached XP level 5. HP: 47/48 MP: 5/5
  2331 | D:4      | Reached skill level 5 in Unarmed Combat
  2387 | D:4      | Found a bloodstained altar of Trog.
  2427 | D:4      | Reached skill level 6 in Unarmed Combat
  2427 | D:4      | Reached XP level 6. HP: 55/55 MP: 6/6
  2604 | D:4      | Found a hazy altar of Hepliaklqana.
  2810 | D:5      | Entered Level 5 of the Dungeon
  2939 | D:5      | Found a sparkling altar of Nemelex Xobeh.
  3121 | D:5      | Found a white marble altar of Elyvilon.
  3231 | D:5      | Reached skill level 7 in Unarmed Combat
  3571 | D:5      | Reached XP level 7. HP: 62/62 MP: 7/7
  3612 | D:6      | Found Ositwini's Assorted Antiques.
  3627 | D:6      | HP: 2/62 [gnoll/+0 halberd (14)]
  3629 | D:6      | Slain by a gnoll sergeant

Skill      XL: |  1  2  3  4  5  6 |
---------------+-------------------+-----
Unarmed Combat | 1 2 3 4 6 7 |  7.3
Fighting       | |  1.5
Maces & Flails | |  1.0
Dodging        | |  1.5
Stealth        | |  1.0
Shields        | |  1.0
Spellcasting   | |  1.0
Poison Magic   | |  1.3

Action                   |  1- 3 |  4- 6 |  7- 9 || total
-------------------------+-------+-------+-------++-------
Melee: Unarmed           |   102 |   103 |    11 ||   216
 Stab: Sleeping          |     3 |     2 |       ||     5
  Eat: Chunk             |    16 |    17 |     3 ||    36
Armor: Robe              |    41 |    43 |     9 ||    93
Dodge: Dodged            |    54 |    50 |    10 ||   114
